 Dungeon Crawl Stone Soup version 0.17.0-28-g6e173f8 (webtiles) character file.

62 lorenzova the Conjurer (level 3, -8/19 HPs)
             Began as a Deep Elf Conjurer on Nov 27, 2015.
             Killed from afar by an orc wizard (13 damage)
             ... with a puff of frost
             ... on level 2 of the Dungeon.
             The game lasted 00:04:00 (1613 turns).

lorenzova the Conjurer (Deep Elf Conjurer)          Turns: 1613, Time: 00:04:00

Health: -8/19      AC:  2    Str:  5    XL:     3   Next: 85%
Magic:  1/10       EV: 13    Int: 20    God:
Gold:   34         SH:  0    Dex: 15    Spells: 2 memorised, 6 levels left

rFire  . . .     SeeInvis .     g - +0 dagger
rCold  . . .     Clarity  .     a - +0 robe
rNeg   . . .     SustAt   .     (no shield)
rPois  .         Gourm    .     (no helmet)
rElec  .         Spirit   .     (no cloak)
rCorr  .         Warding  .     (no gloves)
rMut   .         Stasis   .     (no boots)
MR     .....                    (no amulet)
Stlth  ++........               (no ring)
                                (no ring)

@: not resistant to hostile enchantments, unstealthy
A: no striking features
a: no special abilities


You were on level 2 of the Dungeon.
You were hungry.

You visited 1 branch of the dungeon, and saw 3 of its levels.

You collected 34 gold pieces.

Inventory:

Hand Weapons
 g - a +0 dagger (weapon)
Armour
 a - a +0 robe (worn)
Scrolls
 d - 2 scrolls of remove curse {unknown}
 h - a scroll of blinking {unknown}
 k - a scroll of enchant armour {unknown}
Potions
 e - a potion of heal wounds {unknown}
 f - 2 potions of flight {unknown}
 i - a potion of cancellation {unknown}
 l - a potion of degeneration {unknown}
Books
 b - a book of Conjurations

   Spells                             Type                      Level
   a - Magic Dart                     Conjuration                  1
   b - Searing Ray                    Conjuration                  2
   c - Dazzling Spray                 Conjuration/Hexes            3
   d - Fulminant Prism                Conjuration/Hexes            4
   e - Iskenderun's Mystic Blast      Conjuration                  4
   f - Iskenderun's Battlesphere      Conjuration/Charms           5
Comestibles
 c - 2 bread rations
 j - a beef jerky


   Skills:
 - Level 2.4 Dodging
 - Level 2.4 Stealth
 + Level 4.4 Spellcasting
 * Level 5.4 Conjurations


You had 6 spell levels left.
You knew the following spells:

 Your Spells              Type           Power        Failure   Level  Hunger
a - Magic Dart            Conj           ####         1%          1    None
b - Dazzling Spray        Conj/Hex       ###.....     14%         3    ###....


Dungeon Overview and Level Annotations

Branches:
Dungeon (3/15)

Altars:
Makhleb
Zin


Message History

The orc wizard is moderately wounded.
The orc wizard casts a spell at you. The magic dart hits you!
* * * LOW HITPOINT WARNING * * *
You hit the orc wizard.
The orc wizard is moderately wounded.
The orc wizard barely misses you.
Casting: Dazzling Spray
Confirm with . or Enter, or press ? or * to list all spells.
You don't have enough magic to cast that spell.
An orc wizard is nearby!
Unknown command.
You are too injured to fight recklessly!
You are too injured to fight recklessly!
You are too injured to fight recklessly!
The orc wizard is no longer blind.
The orc wizard casts a spell at you. The puff of frost hits you!
Ouch! That really hurt!
You die...

# #A#.._##########^## #
###...##...# #.# #
##########.....##>..## #.#
###.......##8...8##....####.#
...)...#######'####......##.###
###.##.# #.# #.#..o...........# #
#.##.# #.# #.......)...#....# #
#.##.# #.# ###.#.....##.....# #
#.##.# #.# #@#.....###....###
#.##.###.# #.##...## ##.#....
#........# ###.###### #.#####
####.##### #........# #.# #.#
#.#..##..# ##'## #.# #.#..##..#
##...## ####.#
#.#......###.....## ##.##.#
#.##.##..##.......##
##...#.#######.#.).#..#.........#


You could see an orc wizard.

Vanquished Creatures
  2 adders
  A worm (D:2)
  2 orcs
  3 bats (D:2)
  3 giant cockroaches
  3 goblins
  4 hobgoblins
  6 jackals
  A ball python (D:2)
  2 giant newts (D:2)
  7 kobolds
  7 rats
41 creatures vanquished.

Notes
Turn   | Place    | Note
--------------------------------------------------------------
     0 | D:1      | lorenzova the Deep Elf Conjurer began the quest for the Orb.
     0 | D:1      | Reached XP level 1. HP: 10/10 MP: 6/6
   175 | D:1      | Reached XP level 2. HP: 15/15 MP: 2/8
   694 | D:2      | Reached skill level 5 in Conjurations
   838 | D:2      | Found a burning altar of Makhleb.
   920 | D:2      | Reached XP level 3. HP: 19/19 MP: 8/10
   941 | D:2      | Learned a level 3 spell: Dazzling Spray
  1570 | D:2      | Found a glowing silver altar of Zin.
  1570 | D:2      | Noticed an angel
  1613 | D:2      | Killed from afar by an orc wizard

Action                   || total
-------------------------++-------
Melee: Dagger            ||     6
 Cast: Magic Dart        ||    70
       Dazzling Spray    ||     1
 Stab: Sleeping          ||     2
  Eat: Chunk             ||     1
